 Dungeon Crawl Stone Soup version 0.21.1-1-g345015f (webtiles) character file.

80 diana the Cutter (level 4, -8/29 HPs)
             Began as a Kobold Berserker on May 28, 2018.
             Was a Believer of Trog.
             Mangled by Crazy Yiuf
             ... wielding a +2 quarterstaff of chaos
              (19 damage)
             ... on level 2 of the Dungeon.
             The game lasted 00:04:12 (2103 turns).

diana the Cutter (Kobold Berserker)                 Turns: 2103, Time: 00:04:18

Health: -8/29      AC:  2    Str: 14    XL:     4   Next: 65%
Magic:  4/4        EV: 16    Int:  8    God:    Trog [**....]
Gold:   78         SH:  0    Dex: 15    Spells: 3/3 levels left

rFire    . . .     SeeInvis .   a - +0 short sword
rCold    . . .     Gourm    .   (shield restricted)
rNeg     . . .     Faith    .   b - +0 animal skin
rPois    .         Spirit   .   (no helmet)
rElec    .         Reflect  .   (no cloak)
rCorr    .         Harm     .   (no gloves)
MR       .....                  (no boots)
Stlth    ++........             (no amulet)
HPRegen  0.09/turn              (no ring)
MPRegen  0.09/turn              (no ring)

@: no status effects
A: small, carnivore
a: Berserk, Trog's Hand, Burn Spellbooks, Renounce Religion


You were on level 2 of the Dungeon.
You worshipped Trog.
Trog was pleased with you.
You were not hungry.

You visited 1 branch of the dungeon, and saw 2 of its levels.

You collected 78 gold pieces.

Inventory:

Hand Weapons
 a - a +0 short sword (weapon)
Armour
 b - a +0 animal skin (worn)
Scrolls
 e - 2 scrolls of identify {unknown}
 i - a scroll of enchant armour {unknown}
 k - a scroll of remove curse {unknown}
 l - a scroll of teleportation {unknown}
Potions
 d - a potion of might {unknown}
 f - a potion of agility {unknown}
 g - 2 potions of curing {unknown}
 h - a potion of invisibility {unknown}
 j - a potion of flight {unknown}
Comestibles
 c - 2 rations


   Skills:
 + Level 4.2 Fighting
 * Level 5.1 Short Blades
 - Level 1.6 Armour
 + Level 3.1 Dodging
 + Level 1.8 Stealth


You had 3 spell levels left.
You didn't know any spells.

Dungeon Overview and Level Annotations

Branches:
Dungeon (2/15)

Altars:

Annotations:
D:2 Crazy Yiuf


Innate Abilities, Weirdness & Mutations

You are small and have problems with some larger weapons.
You are carnivorous and can eat meat at any time.


Message History

Things that are here:
3 stones; a whip
There is an open door here.
There is an open door here.
There is an open door here.
There is an open door here.
You open the door.
Crazy Yiuf the Enlightened comes into view.
He is wielding a quarterstaff of chaos.
Crazy Yiuf shouts!
Found a mace.
There is an open door here.
You barely miss Crazy Yiuf.
Crazy Yiuf hits you with a quarterstaff of chaos!
You hit Crazy Yiuf.
Crazy Yiuf is lightly wounded.
Crazy Yiuf flaps his cloak.
Crazy Yiuf hits you with a quarterstaff of chaos.
You are electrocuted!
Ouch! That really hurt!
You die...

#......############....).....
#......#.........(...........
#.........^..................
#####.################.......
#########.# #)......
#.........# ♣♣♣♣♣###'#####
#....[....# #### ♣♣♣.♣..+.#.#
#.........# #...#♣..♣......(#
########### #..g@.♣♣♣♣......#
### #)..#♣♣ ♣♣.+...# #.. ####
♣♣###.# #.. #.# #.. #.# #..
#.# #.. #.# ### #.###
######...#


You could see Crazy Yiuf.

Vanquished Creatures
  An adder (D:2)
  2 worms (D:2)
  5 dart slugs (D:1)
  5 leopard geckos
  A giant cockroach (D:1)
  6 goblins
  4 hobgoblins
  10 kobolds
  2 quokkas (D:2)
  3 bats (D:1)
  5 frilled lizards
  8 rats
  A plant (D:1)
53 creatures vanquished.

Notes
Turn   | Place    | Note
-------+----------+-------------------------------------------
     0 | D:1      | diana the Kobold Berserker began the quest for the Orb.
     0 | D:1      | Reached XP level 1. HP: 14/14 MP: 1/1
    61 | D:1      | Reached XP level 2. HP: 15/19 MP: 2/2
   399 | D:1      | Reached XP level 3. HP: 18/24 MP: 3/3
   723 | D:1      | Reached ** piety under Trog
   977 | D:1      | Reached skill level 1 in Stealth
  1343 | D:2      | Reached XP level 4. HP: 29/29 MP: 4/4
  1468 | D:2      | Reached skill level 5 in Short Blades
  1584 | D:2      | Found a runed door.
  2100 | D:2      | Noticed Crazy Yiuf
  2103 | D:2      | Mangled by Crazy Yiuf

Skill      XL: |  1  2  3  4 |
---------------+-------------+-----
Fighting       | 4 |  4.2
Stealth        | 1 |  1.8
Short Blades   | 5 |  5.1
Dodging        | 3 |  3.1
Armour         | |  1.6

Action                   |  1- 3 |  4- 6 || total
-------------------------+-------+-------++-------
Melee: Short sword       |   143 |    60 ||   203
Invok: Berserk           |       |     1 ||     1
 Stab: Sleeping          |     4 |     1 ||     5
  Eat: Chunk             |       |     3 ||     3
       Ration            |       |     1 ||     1
Armor: Animal skin       |    12 |     1 ||    13
Dodge: Dodged            |    85 |    34 ||   119
